 Dungeon Crawl Stone Soup version 0.26-a0-835-g8259106e14 (webtiles) character file.

Game seed: 1329911960734153081

8884 pablito the Martial Artist (level 11, -11/63 HPs)
             Began as an Octopode Transmuter on Nov 17, 2020.
             Was an Elder of Cheibriados.
             Mangled by a two-headed ogre
             ... wielding a +0 giant spiked club
              (27 damage)
             ... on level 10 of the Dungeon.
             The game lasted 00:56:34 (10975 turns).

pablito the Martial Artist (Octopode Transmuter)   Turns: 10975, Time: 00:56:35

Health: -11/63     AC:  1    Str: 25    XL:     11   Next: 37%
Magic:  20/20      EV: 16    Int: 26    God:    Cheibriados [****..]
Gold:   77         SH: 22    Dex: 32    Spells: 8/22 levels left

rFire    . . .     SeeInvis +     - Unarmed
rCold    + . .     Faith    .   s - +2 tower shield
rNeg     . . .     Spirit   .   (helmet restricted)
rPois    .         Reflect  +   r - amulet of reflection
rElec    .         Harm     .   a - ring of see invisible
rCorr    .         Rampage  .   e - +4 ring of slaying
MR       .....                  h - ring of wizardry
Stlth    +++++.....             i - +6 ring of dexterity
HPRegen  0.20/turn              x - +6 ring of strength
MPRegen  0.17/turn              G - ring of protection from cold
                                (no ring)
                                (no ring)

@: very slow
A: almost no armour, stealthy swim, amphibious, 8 rings, constrict 8, camouflage
1, gelatinous body 1
a: Bend Time, Temporal Distortion, Slouch, Renounce Religion


You were on level 10 of the Dungeon.
You worshipped Cheibriados.
Cheibriados was greatly pleased with you.
You visited 1 branch of the dungeon, and saw 10 of its levels.

You collected 437 gold pieces.
You spent 360 gold pieces at shops.

Inventory:

Missiles
 d - 35 poisoned darts (quivered)
 m - 2 javelins
 F - 3 throwing nets
Armour
 s - a +2 tower shield (worn)
Jewellery
 a - a ring of see invisible (left tentacle)
 e - a +4 ring of slaying (right tentacle)
 h - a ring of wizardry (on tentacle)
 i - a +6 ring of dexterity (on tentacle)
 r - an amulet of reflection (around mantle)
 t - an uncursed amulet of the acrobat
 x - a +6 ring of strength (on tentacle)
 B - an uncursed amulet of guardian spirit
 G - a ring of protection from cold (on tentacle)
Wands
 p - a wand of disintegration (12)
 v - a wand of acid (11)
 I - a wand of random effects (21)
Scrolls
 b - 2 scrolls of teleportation
 c - 2 scrolls of identify
 j - 7 scrolls of remove curse
 k - 3 scrolls of amnesia
 n - a scroll of enchant armour
 o - a scroll of immolation
 u - a scroll of magic mapping
Potions
 f - 2 potions of flight
 g - 4 potions of might
 l - 2 potions of ambrosia
 q - a potion of cancellation {unknown}
 w - 2 potions of mutation {unknown}
 z - a potion of invisibility {unknown}
 A - a potion of magic {unknown}
 C - 5 potions of curing
 D - a potion of attraction {unknown}
 E - a potion of degeneration {unknown}
 H - a potion of haste {unknown}


   Skills:
 - Level 1.0 Fighting
 - Level 4.0 Throwing
 + Level 6.5 Dodging
 - Level 5.0 Stealth
 * Level 1.5 Shields
 * Level 9.3 Unarmed Combat
 + Level 6.1 Spellcasting
 + Level 6.4 Transmutations
 + Level 3.2 Earth Magic
 - Level 5.0 Poison Magic
 + Level 5.9 Invocations
 + Level 3.9 Evocations


You had 8 spell levels left.
You knew the following spells:

 Your Spells              Type           Power        Failure   Level
a - Beastly Appendage     Tmut           #####.       4%          1
b - Spider Form           Tmut/Pois      #####.....   16%         3
c - Wereblood             Tmut           #####...     6%          2
d - Passwall              Tmut/Erth      ####....     12%         2
e - Blade Hands           Tmut           #####.....   71%         5
f - Animate Skeleton      Necr           #.....       47%         1

Your spell library contained the following spells:

 Spells                   Type           Power        Failure   Level
 Sandblast                Erth           ####..       16%         1
 Corona                   Hex            #......      47%         1
 Pain                     Necr           #...         47%         1
 Petrify                  Tmut/Erth      ####....     58%         4
 Ensorcelled Hibernation  Hex/Ice        #.....       61%         2
 Stone Arrow              Conj/Erth      ###...       61%         3
 Ice Form                 Ice/Tmut       ###.....     80%         4
 Confusing Touch          Hex            #.......     83%         3
 Dazzling Flash           Conj/Hex       #.....       83%         3
 Tukima's Dance           Hex            #.......     83%         3
 Vampiric Draining        Necr           #.........   83%         3
 Lee's Rapid Deconstruct  Erth           ####......   98%         5
 Animate Dead             Necr           #.........   99%         4
 Agony                    Necr           #.......     100%        5


Dungeon Overview and Level Annotations

Branches:
Dungeon (10/15)            Temple (0/1) D:6            Lair (0/6) D:8
    Orc: D:9-12

Altars:
Ashenzari
Cheibriados
Elyvilon
Gozag
Kikubaaqudgha
Okawaru
Trog
Yredelemnul
Zin

Shops:
D:8 !(([

Annotations:
D:5 2 transporters, DocClef's ghost, weakling GnDe


Innate Abilities, Weirdness & Mutations

You cannot wear most types of armour.
You are very stealthy in the water. (Stealth+)
You are amphibious.
You can wear up to eight rings at the same time.
You can use your tentacles to constrict eight enemies at once.
Your skin changes colour to match your surroundings (Stealth+).
Your rubbery body absorbs attacks. (AC +1, EV +1)


Message History

You block the two-headed ogre's attack. x2
The two-headed ogre hits you with a +0 giant spiked club!!
The two-headed ogre closely misses you.
You tentacle-slap the two-headed ogre but do no damage.
You tentacle-slap the two-headed ogre! You squeeze the two-headed ogre!
The two-headed ogre is moderately wounded.
The two-headed ogre misses you. You block the two-headed ogre's attack.
You bludgeon the two-headed ogre!
Your squeeze misses the two-headed ogre.
The two-headed ogre is heavily wounded.
You tentacle-slap the two-headed ogre.
The two-headed ogre is heavily wounded.
The two-headed ogre hits you with a +0 giant spiked club!!
* * * LOW HITPOINT WARNING * * *
You block the two-headed ogre's attack.
You block the ufetubus's attack. x3; The ufetubus closely misses you.
You block the ufetubus's attack. The ufetubus barely misses you.
A gnoll comes into view. It is wielding a +0 spear.
The two-headed ogre hits you with a +0 giant spiked club!!
You die...

... #g.#.#
#..#.# #..#.#
#..#.# # #..#.#
#
##.#.##..#.#.#
#.....<..5..$#
.........@O.###
.####.....###
.....###.#
####. #.# #.
#.# # #.# #.#
#.#


You could see a two-headed ogre, a gnoll (wandering) and an ufetubus.

Vanquished Creatures
  Harold (D:8)
  Erolcha (D:9)
  Erica (D:9)
  Pikel (D:7)
  Joseph (D:7)
  Prince Ribbit (D:6)
  Grinder (D:6)
  5 wyverns
  Grum (D:9)
  4 water moccasins (D:8)
  4 orc warriors
  An eye of draining (D:8)
  A phantom (D:7)
  4 black bears
  2 centaurs
  3 ogres
  4 wolves
  3 lemures (D:7)
  A big kobold (D:8)
  4 bullfrogs
  6 scorpions
  A water moccasin skeleton (D:5)
  3 killer bees (D:7)
  7 wights
  2 howler monkeys
  2 electric eels (D:7)
  A bullfrog zombie (D:5)
  2 hounds
  3 jellies
  8 orc priests
  A gnoll shaman (D:8)
  2 centaur skeletons
  A bullfrog skeleton (D:4)
  3 iguanas
  7 orc wizards
  12 worker ants
  3 hound skeletons
  2 worker ant zombies
  4 adders
  12 gnolls
  3 white imps
  2 ufetubi
  An adder zombie (D:7)
  2 adder skeletons (D:5)
  A worm (D:2)
  4 dart slugs
  2 leopard geckos
  29 orcs
  7 bats
  4 giant cockroaches
  3 goblins
  7 hobgoblins
  3 jackals (D:2)
  6 quokkas
  2 ball pythons
  4 frilled lizards
  12 kobolds
  A leopard gecko skeleton (D:4)
  A quokka skeleton (D:4)
  5 rats
225 creatures vanquished.

Vanquished Creatures (others)
  4 fungi (D:8)
  25 plants (D:8)
29 creatures vanquished.

Grand Total: 254 creatures vanquished

Notes
Turn   | Place    | Note
-------+----------+-------------------------------------------
     0 | D:1      | pablito the Octopode Transmuter began the quest for the
                  | Orb.
     0 | D:1      | Reached XP level 1. HP: 13/13 MP: 3/3
   165 | D:1      | Reached XP level 2. HP: 18/18 MP: 5/5
   961 | D:2      | Reached XP level 3. HP: 17/23 MP: 4/6
  1150 | D:2      | Found an iron altar of Okawaru.
  1434 | D:2      | Learned a level 3 spell: Spider Form
  1820 | D:3      | Reached skill level 1 in Throwing
  1820 | D:3      | Reached XP level 4. HP: 15/28 MP: 3/7
  2154 | D:3      | Reached XP level 5. HP: 33/33 MP: 4/8
  2157 | D:3      | Reached skill level 4 in Unarmed Combat
  2157 | D:3      | Reached skill level 1 in Poison Magic
  2355 | D:3      | Found a glowing silver altar of Zin.
  2600 | D:3      | Reached XP level 6. HP: 38/38 MP: 10/10
  3832 | D:4      | Found a broken altar of Ashenzari.
  3832 | D:4      | Found a snail-covered altar of Cheibriados.
  3840 | D:4      | Became a worshipper of Cheibriados the Contemplative
  3961 | D:4      | Reached XP level 7. HP: 43/43 MP: 11/11
  4030 | D:4      | Reached skill level 5 in Unarmed Combat
  4142 | D:4      | Found a basalt altar of Yredelemnul.
  4206 | D:4      | Found a white marble altar of Elyvilon.
  4594 | D:5      | Entered Level 5 of the Dungeon
  4654 | D:5      | Found a bloodstained altar of Trog.
  4677 | D:5      | Reached skill level 1 in Invocations
  4811 | D:5      | Found a transporter.
  4811 | D:5      | Noticed DocClef's ghost (weakling GnDe)
  4819 | D:5      | Noticed an unseen horror
  4844 | D:5      | Found a transporter.
  4921 | D:5      | Reached XP level 8. HP: 27/48 MP: 13/13
  5031 | D:5      | Reached * piety under Cheibriados
  5445 | D:5      | Reached skill level 6 in Unarmed Combat
  5449 | D:5      | Found an opulent altar of Gozag.
  5603 | D:6      | Noticed Prince Ribbit
  5615 | D:6      | Killed Prince Ribbit
  5744 | D:6      | Noticed Grinder
  5751 | D:6      | Killed Grinder
  5752 | D:6      | Reached XP level 9. HP: 53/53 MP: 13/15
  5869 | D:6      | Found a staircase to the Ecumenical Temple.
  7105 | D:7      | Found an ancient bone altar of Kikubaaqudgha.
  7179 | D:7      | Noticed Joseph
  7191 | D:7      | Killed Joseph
  7192 | D:7      | Reached skill level 7 in Unarmed Combat
  7374 | D:7      | Reached skill level 5 in Dodging
  7490 | D:7      | Noticed Pikel
  7505 | D:7      | Killed Pikel
  7505 | D:7      | Reached ** piety under Cheibriados
  7506 | D:7      | Reached skill level 5 in Spellcasting
  7506 | D:7      | Reached skill level 5 in Transmutations
  7506 | D:7      | Reached skill level 5 in Poison Magic
  7726 | D:7      | Reached skill level 1 in Stealth
  7730 | D:7      | Reached skill level 1 in Evocations
  7730 | D:7      | Reached XP level 10. HP: 41/58 MP: 17/17
  7735 | D:7      | Learned a level 2 spell: Wereblood
  7738 | D:7      | Learned a level 2 spell: Passwall
  7744 | D:7      | Learned a level 5 spell: Blade Hands
  7747 | D:7      | Learned a level 1 spell: Animate Skeleton
  8012 | D:7      | Reached skill level 8 in Unarmed Combat
  8357 | D:8      | Reached skill level 1 in Earth Magic
  8361 | D:8      | Noticed Harold
  8378 | D:8      | Killed Harold
  8501 | D:8      | Found Huiguab's Distillery.
  8520 | D:8      | Bought a potion of curing for 45 gold pieces
  8520 | D:8      | Bought a potion of heal wounds for 75 gold pieces
  8520 | D:8      | Bought a potion of curing for 45 gold pieces
  8520 | D:8      | Bought a potion of heal wounds for 75 gold pieces
  8520 | D:8      | Bought a potion of curing for 45 gold pieces
  8520 | D:8      | Bought a potion of heal wounds for 75 gold pieces
  8546 | D:8      | Reached skill level 5 in Invocations
  8595 | D:8      | Reached *** piety under Cheibriados
  9216 | D:8      | Found Fewolam's Antique Weapon Boutique.
  9368 | D:8      | Found a staircase to the Lair.
  9511 | D:8      | Found Zohiepry's Antique Weapon Shop.
  9518 | D:8      | Reached XP level 11. HP: 60/63 MP: 19/19
  9520 | D:8      | Reached **** piety under Cheibriados
  9529 | D:8      | Reached skill level 9 in Unarmed Combat
  9774 | D:8      | Found Zuez's Armour Shoppe.
  9852 | D:8      | Found a bloodstained altar of Trog.
 10185 | D:9      | Noticed Grum
 10192 | D:9      | Killed Grum
 10354 | D:9      | Noticed Erolcha
 10360 | D:9      | Killed Erolcha
 10361 | D:9      | Reached skill level 1 in Shields
 10415 | D:9      | Noticed Erica
 10420 | D:9      | Killed Erica
 10421 | D:9      | Reached skill level 5 in Stealth
 10968 | D:10     | Entered Level 10 of the Dungeon
 10968 | D:10     | Noticed a two-headed ogre
 10975 | D:10     | Mangled by a two-headed ogre

Illustrated notes

Levels and vault maps discovered:
D:1:      dpeg_arrival_castle, layout_rooms
D:2:      layout_basic, okawaru_ov_weapons_minmay
D:3:      layout_basic, overflow_temple_1_default
D:4:      layout_basic, kennysheep_ying_yang,
          gammafunk_temple_overflow_elements, skrybe_limestone_x
D:5:      layout_basic, nicolae_overflow_crystal_walls, gammafunk_ghost_arena,
          lemuel_altar_in_water
D:6:      lemuel_upstairs_altar, layout_layer_cave,
          minmay_temple_entry_glassed_door, uniq_grinder, uniq_prince_ribbit1
D:7:      layout_cave_pools, overflow_temple_1_default,
          kennysheep_big_empty_room, uniq_pikel, uniq_joseph
D:8:      layout_cave_pools, minmay_lair_entry_grove, serial_shops, shop,
          nicolae_shop_waterfront, shop_statue, nicolae_shop_behind_doors,
          basic_altar, uniq_harold
D:9:      layout_loops_ring, uniq_erica, uniq_grum, uniq_erolcha
D:10:     layout_loops_ring, enter_trove_2

Skill      XL: |  1  2  3  4  5  6  7  8  9 10 11 |
---------------+----------------------------------+-----
Throwing       | 1 2 3 4 |  4.0
Unarmed Combat | 4 5 6 7 8 9 |  9.3
Poison Magic   | 1 2 3 4 5 |  5.0
Transmutations | 3 4 5 6 |  6.4
Dodging        | 3 4 5 6 |  6.5
Spellcasting   | 3 4 5 6 |  6.1
Invocations    | 1 2 4 5 |  5.9
Stealth        | 1 4 5 |  5.0
Evocations     | 1 3 |  3.9
Earth Magic    | 2 3 |  3.2
Shields        | 1 |  1.5
Fighting       | |  1.0

Action                   |  1- 3 |  4- 6 |  7- 9 | 10-12 || total
-------------------------+-------+-------+-------+-------++-------
Melee: Unarmed           |    81 |   109 |   165 |   163 ||   518
       Constrict         |    18 |    22 |    32 |    32 ||   104
       Tentacles         |     5 |    21 |    40 |    51 ||   117
       Kick              |     3 |       |     2 |     5 ||    10
       Punch             |       |     1 |     7 |    20 ||    28
Throw: Dart              |       |       |       |     2 ||     2
 Cast: Beastly Appendage |     7 |       |     1 |     2 ||    10
       Spider Form       |     1 |     2 |     7 |     3 ||    13
       Blade Hands       |       |       |       |     6 ||     6
Invok: Bend Time         |       |       |       |     1 ||     1
  Use: Scroll            |     1 |     5 |     2 |    12 ||    20
       Potion            |       |       |     1 |     5 ||     6
 Stab: Sleeping          |     5 |    12 |     7 |     3 ||    27
       Distracted        |       |       |     1 |     1 ||     2
Armor: Skin              |    15 |     1 |     4 |     5 ||    25
Dodge: Dodged            |    61 |    72 |   140 |   177 ||   450
Block: Other             |       |    22 |    29 |    53 ||   104
       Reflection        |       |     1 |     1 |     7 ||     9
       Tower shield      |       |       |       |    21 ||    21

Table legend: (Time is in decaauts)
 A = Elapsed time spent in this place.
 B = Non-inter-level travel time spent in this place.
 C = Inter-level travel time spent in this place.
 D = Time resting spent in this place.
 E = Time spent auto-exploring this place.
 F = Levels seen in this place.
 G = Mean time per level.
                   A        B        C        D        E       F      G
               +--------+--------+--------+--------+--------+-----+--------+
         Total |  12779 |  12327 |    452 |   2202 |   7316 |  10 | 1277.9 |
       Dungeon |  12779 |  12327 |    452 |   2202 |   7316 |  10 | 1277.9 |
               +--------+--------+--------+--------+--------+-----+--------+

Top non-repeatable levels by time:
     D:4: 2075 daAuts
     D:6: 1856 daAuts
     D:8: 1845 daAuts
     D:7: 1593 daAuts
     D:9: 1524 daAuts
     D:3: 1158 daAuts
     D:5: 1108 daAuts
     D:2: 838 daAuts
     D:1: 769 daAuts
    D:10: 9 daAuts
